 Dungeon Sprint DCSS version 0.17-a0-1663-gb806841 (webtiles) character file.

146393 Kidiri the Hoplite (level 16, -15/163 HPs)
             Began as a Minotaur Fighter on Aug 16, 2015.
             Was a High Priest of Okawaru.
             Killed from afar by Ereshkigal (31 damage)
             ... with a bolt of cold
             ... in the Dungeon (Sprint VII: "The Pits").
             The game lasted 00:41:57 (7840 turns).

Kidiri the Hoplite (Minotaur Fighter)               Turns: 7840, Time: 00:41:57

Health: -15/163    AC: 59    Str: 37    XL:     16   Next: 89%
Magic:  25/27      EV: 25    Int:  3    God:    Okawaru [*****.]
Gold:   95         SH: 35    Dex: 13    Spells: 0 memorised, 15 levels left

rFire  + + +     SeeInvis +     b - +5 eveningstar (protect)
rCold  . . .     Clarity  .     g - +12 crystal plate armour of Okawaru's Castigation {rF+}
rNeg   + . .     SustAt   .     F - +6 large shield of Ignorance {rN+ AC+2 EV+2 Int-6 *Curse}
rPois  .         Gourm    .     G - +1 hat {SInv}
rElec  .         Spirit   .     s - +1 cloak
rCorr  .         Warding  .     I - +1 pair of gloves of the Tuna {rF+ Str+4 Int+4}
rMut   .         NoTele   +     C - +0 pair of boots of the Original Sin {rF+}
MR     +....                    (no amulet)
Stlth  ..........               u - +3 ring of strength
                                t - +3 ring of evasion

@: mighty, heroism, finesse, very slightly contaminated, hasted, silenced,
drained, very quick, somewhat resistant to hostile enchantments, extremely
unstealthy
A: retaliatory headbutt, horns 2
a: Renounce Religion


You were in the Dungeon.
You worshipped Okawaru.
Okawaru was extremely pleased with you.
You were not hungry.

You visited 1 branch You collected 95 gold pieces.

Inventory:

Hand weapons
 b - a +5 eveningstar of protection (weapon)
 l - a +2 demon whip of venom
Missiles
 a - 8 poisoned tomahawks
 y - 5 javelins of returning (quivered)
 A - 4 steel javelins
 D - 2 exploding tomahawks
Armour
 c - a +2 gold dragon armour
 g - the +12 crystal plate armour of Okawaru's Castigation (worn) {rF+}
   (Okawaru gifted it to you in the Dungeon)

   It protects you from fire.
 s - a +1 cloak (worn)
 C - the +0 pair of boots of the Original Sin (worn) {rF+}
   (Okawaru gifted it to you in the Dungeon)

   It protects you from fire.
 F - the +6 large shield of Ignorance (worn) {rN+ AC+2 EV+2 Int-6 *Curse}
   (You found it in the Dungeon)

   It affects your AC (+2).
   It affects your evasion (+2).
   It affects your intelligence (-6).
   It protects you from negative energy.
   It may re-curse itself when equipped.
 G - a +1 hat of see invisible (worn)
 I - the +1 pair of gloves of the Tuna (worn) {rF+ Str+4 Int+4}
   (You found it in the Dungeon)

   It affects your strength (+4).
   It affects your intelligence (+4).
   It protects you from fire.
Jewellery
 t - a +3 ring of evasion (left hand)
 u - a +3 ring of strength (right hand)
Scrolls
 k - 5 scrolls of blinking
 o - 3 scrolls of remove curse
 p - 5 scrolls of amnesia
 q - a scroll of summoning
 z - 3 scrolls of recharging
Potions
 f - 6 potions of curing
 h - 2 potions of haste
 i - 4 potions of magic
 j - 4 potions of berserk rage
 r - 2 potions of invisibility
 v - 2 potions of agility
 w - 3 potions of brilliance
 x - a potion of resistance
 B - a potion of cure mutation
Comestibles
 e - 8 bread rations
 m - 40 fruits
 n - 10 meat rations
 E - 6 royal jellies


   Skills:
 + Level 20.3(25.0) Fighting
 * Level 26.4(26.7) Maces & Flails
 + Level 15.1(19.9) Throwing
 * Level 26.5(26.7) Armour
 + Level 18.6(23.3) Dodging
 * Level 26.6(26.7) Shields
 + Level 17.3(17.1) Invocations


You had 15 spell levels left.
You didn't know any spells.

Dungeon Overview and Level Annotations

Branches:
Dungeon (1/1)

Altars:
Ashenzari
Cheibriados
Dithmenos
Elyvilon
Fedhas
Gozag
Kikubaaqudgha
Makhleb
Nemelex Xobeh
Okawaru
Qazlal
Ru
Sif Muna
Trog
Vehumet
Xom
Yredelemnul
Zin
The Shining One
Beogh
Jiyva
Lugonu

Annotations:
D Ereshkigal


Innate Abilities, Weirdness & Mutations

You reflexively headbutt those who attack you in melee.
You have a pair of horns on your head.


Message History

You block Ereshkigal's attack.
Drink which item? (? for menu, Esc to quit)
You feel better. Ereshkigal hits you but does no damage.
You block the Brimstone Fiend's attack.
The Brimstone Fiend completely misses you.
You block the Brimstone Fiend's attack. You block Ereshkigal's attack.
Drink which item? (? for menu, Esc to quit)
You feel yourself speed up. Ereshkigal hits you but does no damage.
You block the Brimstone Fiend's attack. x3
Ereshkigal hits you!
* * * LOW HITPOINT WARNING * * *
You partially resist.
You feel drained.
* * * LOW HITPOINT WARNING * * *
You are very lightly contaminated with residual magic.
You block the Brimstone Fiend's attack. x2
The Brimstone Fiend misses you.
There is an open door here.
Ereshkigal gestures at you. The bolt of cold hits you!
You die...

#)# #+# #.# #+# ### #)#
#+.###+# ########### .2.
#.# ### #.'['.#.+.###2#
#+# )'####'###'###+#@#'#
#)# '#.'#')+##.'#'['#&1#
#+# .###.###.###.###.###
#.#
#'.###.###.###[###.###+#
#[(.'.).'[..'..['...##.##
#+.##'.##+.##+.##+.##...#
)###.###.###.###.##''.).#
## ## ## ## ## ####)##
#'#


You could see Ereshkigal and a Brimstone Fiend.

Vanquished Creatures
  Asmodeus (D)
  Gloorx Vloq (D)
  Mnoleg (D)
  Mennas (D)
  An ancient lich (D)
  Frederick (D)
  5 pandemonium lords (D)
  A profane servitor (D)
  A pearl dragon (D)
  An Ice Fiend (D)
  2 Hell Sentinels (D)
  2 tentacled monstrosities (D)
  A deep elf master archer (D)
  2 titans (D)
  A lich (D)
  A deep elf blademaster (D)
  An Executioner (D)
  Agnes (D)
  Frances (D)
  3 storm dragons (D)
  A fire giant (D)
  A greater naga (D)
  Wiglaf (D)
  A deep elf sorcerer (D)
  2 orc warlords (D)
  A draconian annihilator (D)
  A draconian caller (D)
  An apis (D)
  A purple draconian (D)
  2 yellow draconians (D)
  A blizzard demon (D)
  A vault guard (D)
  A death ooze (D)
  2 mummy priests (D)
  A yaktaur captain (D)
  An eidolon (D)
  2 deep elf high priests (D)
  A fire dragon (D)
  2 hydras (D)
  A great orb of eyes (D)
  A catoblepas (D)
  Harold (D)
  2 naga warriors (D)
  A rakshasa (D)
  A death knight (D)
  A dancing weapon (D)
  2 spriggan berserkers (D)
  A sun demon (D)
  3 deep elf knights (D)
  An ice devil (D)
  2 soul eaters (D)
  An unseen horror (D)
  A shadow wraith (D)
  A deep troll (D)
  3 deep elf conjurers (D)
  12 orc knights (D)
  A griffon (D)
  A cyclops (D)
  A siren (D)
  2 manticores (D)
  A salamander (D)
  Maurice (D)
  An elephant (D)
  A yaktaur (D)
  A gargoyle (D)
  2 demonic crawlers (D)
  A fire drake (D)
  A hellion (D)
  2 efreet (D)
  A blue devil (D)
  A komodo dragon (D)
  A polar bear (D)
  2 snapping turtles (D)
  A bog body (D)
  A two-headed ogre (D)
  A boulder beetle (D)
  2 wraiths (D)
  A tarantella (D)
  2 vampires (D)
  A flying skull (D)
  3 golden eyes (D)
  2 shadows (D)
  A fire elemental (D)
  2 spriggans (D)
  A steam dragon (D)
  3 deep elf magi (D)
  A basilisk (D)
  Grum (D)
  A hippogriff (D)
  A hungry ghost (D)
  5 deep elf fighters (D)
  11 wolves (D)
  2 insubstantial wisps (D)
  3 nagas (D)
  A porcupine (D)
  A sky beast (D)
  A phantom (D)
  A black bear (D)
  A wasp (D)
  3 eyes of draining (D)
  A centaur (D)
  2 brain worms (D)
  A scorpion (D)
  4 killer bees (D)
  2 crimson imps (D)
  A hound (D)
  An iron imp (D)
  An orc wizard (D)
  A gnoll shaman (D)
  11 sheep (D)
  A mummy (D)
  An adder (D)
  3 gnolls (D)
  A river rat (D)
  A white imp (D)
  A giant eyeball (D)
  An adder skeleton (D)
  A giant gecko (D)
  5 orcs (D)
  A bat zombie (D)
  6 jackals (D)
  A ball python skeleton (D)
  A ball python zombie (D)
  A giant cockroach simulacrum (D)
  2 giant newts (D)
  A kobold (D)
  A rat (D)
217 creatures vanquished.

Notes
Turn   | Place    | Note
--------------------------------------------------------------
     0 | D        | Kidiri the Minotaur Fighter began the quest for the Orb.
     0 | D        | Reached XP level 1. HP: 19/19 MP: 0/0
    18 | D        | Reached skill level 4 in Armour
    60 | D        | Found a sacrificial altar of Ru.
    60 | D        | Found a basalt altar of Yredelemnul.
    60 | D        | Found a shadowy altar of Dithmenos.
    60 | D        | Found a deep blue altar of Sif Muna.
    60 | D        | Found a burning altar of Makhleb.
    60 | D        | Found a shimmering altar of Xom.
    60 | D        | Found an ancient bone altar of Kikubaaqudgha.
    60 | D        | Found a sparkling altar of Nemelex Xobeh.
    61 | D        | Found a glowing golden altar of the Shining One.
    61 | D        | Found a bloodstained altar of Trog.
    61 | D        | Found a shattered altar of Ashenzari.
    61 | D        | Found a white marble altar of Elyvilon.
    61 | D        | Found a snail-covered altar of Cheibriados.
    61 | D        | Found a blossoming altar of Fedhas.
    61 | D        | Found a radiant altar of Vehumet.
    61 | D        | Found a glowing silver altar of Zin.
    61 | D        | Found a corrupted altar of Lugonu.
    61 | D        | Found a viscous altar of Jiyva.
    61 | D        | Found a roughly hewn altar of Beogh.
    61 | D        | Found an iron altar of Okawaru.
    67 | D        | Found a stormy altar of Qazlal.
    67 | D        | Found an opulent altar of Gozag.
    70 | D        | Became a worshipper of Warmaster Okawaru
   280 | D        | Noticed a brain worm
   284 | D        | Killed a brain worm
   284 | D        | Acquired Okawaru's first power
   284 | D        | Reached skill level 5 in Armour
   284 | D        | Reached skill level 5 in Shields
   284 | D        | Reached XP level 2. HP: 25/28 MP: 0/2
   284 | D        | Reached XP level 3. HP: 30/34 MP: 0/3
   284 | D        | Reached XP level 4. HP: 36/41 MP: 0/4
   351 | D        | Noticed a brain worm
   351 | D        | Noticed a flying skull
   359 | D        | Lost intelligence.
   378 | D        | Killed a flying skull
   378 | D        | Reached skill level 5 in Fighting
   378 | D        | Reached skill level 6 in Maces & Flails
   378 | D        | Reached skill level 7 in Armour
   378 | D        | Reached XP level 5. HP: 29/50 MP: 3/6
   382 | D        | Killed a brain worm
   382 | D        | Reached skill level 8 in Armour
   382 | D        | Reached XP level 6. HP: 33/57 MP: 4/8
   553 | D        | Noticed a gnoll shaman
   554 | D        | Noticed a centaur
   568 | D        | Killed a gnoll shaman
   575 | D        | Noticed a scorpion
   579 | D        | Killed a scorpion
   579 | D        | Reached skill level 5 in Dodging
   593 | D        | Killed a centaur
   593 | D        | Reached skill level 9 in Armour
   754 | D        | Noticed a demonic crawler
   765 | D        | Killed a demonic crawler
   765 | D        | Reached skill level 10 in Armour
   765 | D        | Reached skill level 10 in Shields
   765 | D        | Reached skill level 5 in Invocations
   765 | D        | Reached XP level 7. HP: 52/66 MP: 7/10
   768 | D        | Noticed a crimson imp
   768 | D        | Noticed a black bear
   777 | D        | Killed a black bear
   788 | D        | Killed a crimson imp
   860 | D        | Noticed a tarantella
   860 | D        | Noticed a phantom
   885 | D        | Killed a tarantella
   885 | D        | Reached skill level 10 in Maces & Flails
   885 | D        | Reached XP level 8. HP: 23/74 MP: 11/11
   889 | D        | Killed a phantom
  1164 | D        | Noticed a killer bee
  1165 | D        | Noticed a killer bee
  1167 | D        | Noticed a killer bee
  1168 | D        | Noticed a killer bee
  1169 | D        | Killed a killer bee
  1170 | D        | Killed a killer bee
  1173 | D        | Noticed a demonic crawler
  1174 | D        | Killed a killer bee
  1174 | D        | Reached skill level 11 in Armour
  1175 | D        | Killed a killer bee
  1185 | D        | Killed a demonic crawler
  1207 | D        | Noticed a crimson imp
  1207 | D        | Noticed an efreet
  1216 | D        | Killed an efreet
  1220 | D        | Killed a crimson imp
  1257 | D        | Noticed a boulder beetle
  1272 | D        | Killed a boulder beetle
  1272 | D        | Reached skill level 12 in Shields
  1272 | D        | Reached XP level 9. HP: 36/82 MP: 10/13
  1476 | D        | Noticed a siren
  1476 | D        | Noticed an eye of draining
  1479 | D        | Killed an eye of draining
  1485 | D        | Killed a siren
  1495 | D        | Noticed an efreet
  1495 | D        | Noticed an iron imp
  1495 | D        | Noticed a yaktaur
  1499 | D        | Killed an efreet
  1502 | D        | Killed a yaktaur
  1505 | D        | Killed an iron imp
  1517 | D        | Noticed a deep elf fighter
  1517 | D        | Noticed a deep elf fighter
  1519 | D        | Noticed a deep elf mage
  1521 | D        | Noticed a deep elf mage
  1521 | D        | Killed a deep elf fighter
  1525 | D        | Noticed a vampire
  1525 | D        | Killed a deep elf fighter
  1525 | D        | Reached skill level 13 in Shields
  1530 | D        | Killed a deep elf mage
  1533 | D        | Killed a deep elf mage
  1536 | D        | Killed a vampire
  1536 | D        | Reached skill level 10 in Fighting
  1609 | D        | Noticed a wraith
  1610 | D        | Noticed a basilisk
  1621 | D        | Killed a wraith
  1621 | D        | Reached XP level 10. HP: 93/93 MP: 12/14
  1627 | D        | Killed a basilisk
  1641 | D        | Noticed a shadow
  1641 | D        | Noticed a wraith
  1643 | D        | Killed a shadow
  1648 | D        | Killed a wraith
  1648 | D        | Acquired Okawaru's second power
  1681 | D        | Noticed a manticore
  1681 | D        | Noticed a komodo dragon
  1685 | D        | Killed a komodo dragon
  1690 | D        | Killed a manticore
  1826 | D        | Noticed a gargoyle
  1826 | D        | Noticed an orc wizard
  1826 | D        | Noticed a two-headed ogre
  1828 | D        | Noticed a shadow
  1829 | D        | Noticed a great orb of eyes
  1832 | D        | Killed an orc wizard
  1837 | D        | Killed a two-headed ogre
  1837 | D        | Reached skill level 14 in Armour
  1846 | D        | Killed a gargoyle
  1848 | D        | Killed a shadow
  1857 | D        | Killed a great orb of eyes
  1928 | D        | Noticed a wolf
  1928 | D        | Noticed a wolf
  1928 | D        | Noticed a sky beast
  1928 | D        | Noticed a porcupine
  1928 | D        | Noticed a wolf
  1928 | D        | Paralysed by a giant eyeball for 3 turns
  1929 | D        | Noticed a wolf
  1929 | D        | Noticed a fire drake
  1929 | D        | Noticed a fire dragon
  1929 | D        | Noticed a wolf
  1930 | D        | Noticed a polar bear
  1931 | D        | Noticed a wolf
  1931 | D        | Noticed a blue devil
  1936 | D        | Killed a wolf
  1936 | D        | Received a gift from Okawaru
  1940 | D        | Killed a wolf
  1944 | D        | Killed a wolf
  1952 | D        | Killed a wolf
  1954 | D        | Killed a sky beast
  1956 | D        | Killed a wolf
  1957 | D        | Noticed Grum
  1957 | D        | Noticed a wolf
  1957 | D        | Noticed a wolf
  1958 | D        | Killed a porcupine
  1966 | D        | Killed a blue devil
  1974 | D        | Killed a shadow wraith
  1974 | D        | Reached skill level 15 in Armour
  1974 | D        | Reached skill level 15 in Shields
  1974 | D        | Reached XP level 11. HP: 48/102 MP: 10/16
  1980 | D        | Killed a fire drake
  1980 | D        | Reached skill level 10 in Dodging
  1985 | D        | Killed Grum
  1985 | D        | Paralysed by a giant eyeball for 4 turns
  1990 | D        | Noticed a cyclops
  1994 | D        | Killed a wolf
  2005 | D        | Killed a fire dragon
  2005 | D        | Reached skill level 15 in Maces & Flails
  2010 | D        | Paralysed by a giant eyeball for 2 turns
  2017 | D        | Killed a polar bear
  2022 | D        | Killed a wolf
  2024 | D        | Killed a cyclops
  2024 | D        | Paralysed by a giant eyeball for 4 turns
  2029 | D        | Killed a wolf
  2029 | D        | Received a gift from Okawaru
  2442 | D        | Killed an unseen horror
  2805 | D        | Noticed a naga
  2805 | D        | Noticed a salamander
  2805 | D        | Noticed a wolf
  2806 | D        | Killed a wolf
  2811 | D        | Noticed a wolf
  2814 | D        | Killed a salamander
  2817 | D        | Killed a wolf
  2818 | D        | Noticed a naga warrior
  2819 | D        | Noticed a wolf
  2819 | D        | Killed a naga
  2819 | D        | Reached skill level 1 in Throwing
  2823 | D        | Noticed a hungry ghost
  2823 | D        | Noticed a five-headed hydra
  2823 | D        | Killed a wolf
  2829 | D        | Noticed a griffon
  2833 | D        | Killed a five-headed hydra
  2833 | D        | Reached skill level 16 in Armour
  2841 | D        | Killed a griffon
  2841 | D        | Reached skill level 10 in Invocations
  2850 | D        | Noticed a deep troll
  2854 | D        | Noticed a rakshasa
  2860 | D        | Noticed a naga
  2865 | D        | Noticed a sun demon
  2865 | D        | Killed a naga warrior
  2870 | D        | Killed a hungry ghost
  2881 | D        | Killed a rakshasa
  2884 | D        | Noticed a vampire
  2887 | D        | Killed a deep troll
  2891 | D        | Killed a vampire
  2899 | D        | Killed a sun demon
  2910 | D        | Killed a naga
  2914 | D        | Noticed Frances
  2918 | D        | Noticed Harold
  2923 | D        | Killed Frances
  2923 | D        | Reached skill level 17 in Armour
  2923 | D        | Reached XP level 12. HP: 67/113 MP: 12/18
  2924 | D        | Noticed a naga
  2938 | D        | Killed a naga
  2940 | D        | Killed Harold
  2942 | D        | Noticed a mummy priest
  2945 | D        | Killed a mummy priest
  2945 | D        | Received a gift from Okawaru
  2946 | D        | Noticed a five-headed hydra
  2954 | D        | Killed a five-headed hydra
  2957 | D        | Noticed a snapping turtle
  2967 | D        | Killed a snapping turtle
  3080 | D        | Noticed an eye of draining
  3084 | D        | Killed an eye of draining
  3113 | D        | Noticed a deep elf conjurer
  3117 | D        | Killed a deep elf conjurer
  3117 | D        | Reached skill level 5 in Throwing
  3118 | D        | Noticed a deep elf knight
  3125 | D        | Noticed a spriggan
  3126 | D        | Noticed a deep elf mage
  3135 | D        | Killed a deep elf knight
  3137 | D        | Killed a deep elf mage
  3138 | D        | Noticed an elephant
  3144 | D        | Killed an elephant
  3145 | D        | Killed a spriggan
  3152 | D        | Got the +1 pair of gloves of the Tuna {rF+ Str+4 Int+4}
  3155 | D        | Noticed a deep elf fighter
  3156 | D        | Noticed an ice devil
  3161 | D        | Killed a deep elf fighter
  3174 | D        | Killed an ice devil
  3229 | D        | Got the cursed +0 mace of the Other Side {drain, +Blink rElec MP+9 Stlth+}
  3298 | D        | Noticed a deep elf fighter
  3302 | D        | Noticed a deep elf conjurer
  3309 | D        | Noticed a deep elf fighter
  3309 | D        | Noticed a deep elf conjurer
  3316 | D        | Killed a deep elf conjurer
  3322 | D        | Killed a deep elf fighter
  3324 | D        | Killed a deep elf conjurer
  3326 | D        | Killed a deep elf fighter
  3411 | D        | Noticed a manticore
  3411 | D        | Noticed Wiglaf
  3420 | D        | Noticed a hound
  3426 | D        | Killed Wiglaf
  3426 | D        | Reached skill level 18 in Armour
  3430 | D        | Killed a manticore
  3433 | D        | Killed a hound
  3469 | D        | Noticed a bog body
  3472 | D        | Noticed an eidolon
  3482 | D        | Killed a bog body
  3489 | D        | Killed an eidolon
  3504 | D        | Noticed Agnes
  3505 | D        | Noticed a snapping turtle
  3514 | D        | Killed Agnes
  3514 | D        | Received a gift from Okawaru
  3514 | D        | Received a gift from Okawaru
  3514 | D        | Reached XP level 13. HP: 85/124 MP: 17/20
  3526 | D        | Killed a snapping turtle
  3683 | D        | Noticed Maurice
  3683 | D        | Noticed a steam dragon
  3690 | D        | Killed Maurice
  3694 | D        | Killed a steam dragon
  3777 | D        | Noticed a fire elemental
  3777 | D        | Noticed a hippogriff
  3778 | D        | Noticed an orc knight
  3778 | D        | Noticed an orc knight
  3778 | D        | Noticed an orc knight
  3778 | D        | Noticed an orc knight
  3779 | D        | Noticed an orc warlord
  3779 | D        | Noticed an orc warlord
  3779 | D        | Noticed an orc knight
  3781 | D        | Noticed a spriggan rider
  3782 | D        | Killed a fire elemental
  3785 | D        | Noticed an orc knight
  3785 | D        | Killed a hippogriff
  3787 | D        | Noticed an orc knight
  3788 | D        | Noticed a deep elf sorcerer
  3791 | D        | Noticed an orc knight
  3791 | D        | Killed a wasp
  3793 | D        | Noticed an orc knight
  3799 | D        | Noticed an orc knight
  3801 | D        | Killed an orc knight
  3808 | D        | Killed an orc warlord
  3817 | D        | Killed an orc warlord
  3825 | D        | Killed an orc knight
  3825 | D        | Reached skill level 19 in Shields
  3835 | D        | Killed an orc knight
  3841 | D        | Noticed a deep elf knight
  3842 | D        | Killed a deep elf sorcerer
  3846 | D        | Killed an orc knight
  3849 | D        | Killed an orc knight
  3856 | D        | Killed an orc knight
  3863 | D        | Killed an orc knight
  3874 | D        | Killed an orc knight
  3879 | D        | Killed an orc knight
  3880 | D        | Killed a spriggan
  3884 | D        | Killed an orc knight
  3886 | D        | Killed a deep elf knight
  4087 | D        | Noticed a deep elf knight
  4087 | D        | Noticed a yaktaur captain
  4098 | D        | Killed a deep elf knight
  4102 | D        | Killed a yaktaur captain
  4103 | D        | Noticed a storm dragon
  4104 | D        | Noticed an orc knight
  4105 | D        | Noticed an orc knight
  4113 | D        | Killed an orc knight
  4118 | D        | Killed an orc knight
  4125 | D        | Killed a storm dragon
  4125 | D        | Received a gift from Okawaru
  4125 | D        | Reached skill level 15 in Fighting
  4126 | D        | Got an ichor-stained flail {god gift}
  4127 | D        | Identified the +1 flail of the Volcano {crush, rC+} (Okawaru gifted it to you in the Dungeon)
  4214 | D        | Noticed a vault guard
  4217 | D        | Noticed a titan
  4225 | D        | Killed a vault guard
  4233 | D        | Killed a titan
  4233 | D        | Reached skill level 20 in Armour
  4243 | D        | Noticed a deep elf blademaster
  4243 | D        | Noticed a naga warrior
  4256 | D        | Killed a deep elf blademaster
  4269 | D        | Killed a naga warrior
  4269 | D        | Reached XP level 14. HP: 72/135 MP: 11/22
  4519 | D        | Noticed a death knight
  4519 | D        | Noticed a catoblepas
  4519 | D        | Noticed a storm dragon
  4519 | D        | Noticed a fire giant
  4519 | D        | Noticed a deep elf high priest
  4519 | D        | Noticed a greater naga
  4519 | D        | Noticed an insubstantial wisp
  4519 | D        | Noticed an insubstantial wisp
  4525 | D        | Killed a catoblepas
  4535 | D        | Killed a fire giant
  4551 | D        | Killed a storm dragon
  4557 | D        | Killed a death knight
  4557 | D        | Received a gift from Okawaru
  4559 | D        | Killed an insubstantial wisp
  4567 | D        | Killed a greater naga
  4569 | D        | Killed a deep elf high priest
  4574 | D        | Killed an insubstantial wisp
  4929 | D        | Noticed a storm dragon
  4942 | D        | Killed a storm dragon
  4948 | D        | Noticed a death ooze
  4950 | D        | Killed a death ooze
  4950 | D        | Reached skill level 21 in Shields
  4953 | D        | Noticed a golden eye
  4954 | D        | Killed a golden eye
  4957 | D        | Noticed Geopsettih the pandemonium lord
  5000 | D        | Killed Geopsettih the pandemonium lord
  5000 | D        | Reached skill level 10 in Throwing
  5156 | D        | Noticed an apis
  5166 | D        | Killed an apis
  5169 | D        | Noticed a soul eater
  5169 | D        | Noticed a profane servitor
  5169 | D        | Noticed a pearl dragon
  5169 | D        | Noticed a mummy priest
  5169 | D        | Noticed a yellow draconian
  5169 | D        | Noticed a soul eater
  5169 | D        | Noticed a lich
  5176 | D        | Killed a lich
  5176 | D        | Received a gift from Okawaru
  5186 | D        | Killed a profane servitor
  5190 | D        | Killed a soul eater
  5198 | D        | Killed a pearl dragon
  5198 | D        | Reached skill level 15 in Dodging
  5209 | D        | Killed a soul eater
  5212 | D        | Killed a mummy priest
  5212 | D        | Reached skill level 22 in Shields
  5217 | D        | Killed a yellow draconian
  5217 | D        | Received a gift from Okawaru
  5414 | D        | Noticed an Executioner
  5419 | D        | Killed an Executioner
  5422 | D        | Noticed a tentacled monstrosity
  5426 | D        | Killed a tentacled monstrosity
  5429 | D        | Noticed Asmodeus
  5440 | D        | Noticed a balrug
  5440 | D        | Noticed a Brimstone Fiend
  5463 | D        | Killed Asmodeus
  5463 | D        | Received a gift from Okawaru
  5463 | D        | Reached XP level 15. HP: 29/147 MP: 20/25
  5932 | D        | Noticed a yellow draconian
  5939 | D        | Killed a yellow draconian
  5939 | D        | Received a gift from Okawaru
  5939 | D        | Reached skill level 23 in Shields
  5943 | D        | Noticed Ohim the pandemonium lord
  5955 | D        | Killed Ohim the pandemonium lord
  5955 | D        | Received a gift from Okawaru
  5955 | D        | Received a gift from Okawaru
  5956 | D        | Got a pair of bloodstained boots {god gift}
  5966 | D        | Identified the +0 pair of boots of the Original Sin {rF+} (Okawaru gifted it to you in the Dungeon)
  5977 | D        | Noticed a red draconian caller
  5991 | D        | Killed a red draconian caller
  5991 | D        | Reached skill level 15 in Invocations
  6066 | D        | Noticed Gloorx Vloq
  6089 | D        | Killed Gloorx Vloq
  6604 | D        | Noticed a hellion
  6605 | D        | Killed a hellion
  6609 | D        | Noticed Frederick
  6618 | D        | Killed Frederick
  6618 | D        | Received a gift from Okawaru
  6618 | D        | Reached skill level 24 in Maces & Flails
  6653 | D        | Noticed a tentacled monstrosity
  6659 | D        | Killed a tentacled monstrosity
  6659 | D        | Received a gift from Okawaru
  6691 | D        | Noticed a spriggan berserker
  6694 | D        | Killed a spriggan berserker
  6704 | D        | Noticed an Ice Fiend
  6709 | D        | Killed an Ice Fiend
  6713 | D        | Noticed a hand axe of flaming
  6717 | D        | Killed a hand axe of flaming
  6725 | D        | Noticed a deep elf master archer
  6730 | D        | Killed a deep elf master archer
  6730 | D        | Reached XP level 16. HP: 159/159 MP: 26/26
  6740 | D        | Noticed a green draconian annihilator
  6743 | D        | Killed a green draconian annihilator
  6753 | D        | Noticed a deep elf high priest
  6759 | D        | Killed a deep elf high priest
  6833 | D        | Noticed an eye of draining
  6836 | D        | Killed an eye of draining
  6839 | D        | Noticed a golden eye
  6851 | D        | Killed a golden eye
  6855 | D        | Noticed a purple draconian
  6863 | D        | Killed a purple draconian
  6867 | D        | Noticed a golden eye
  6880 | D        | Killed a golden eye
  6888 | D        | Noticed a titan
  6902 | D        | Killed a titan
  6912 | D        | Noticed Inaforet the pandemonium lord
  6918 | D        | Killed Inaforet the pandemonium lord
  6918 | D        | Reached skill level 25 in Shields
  6932 | D        | Noticed Mennas
  6957 | D        | Killed Mennas
  6965 | D        | Noticed Mnoleg
  6988 | D        | Killed Mnoleg
  6988 | D        | Received a gift from Okawaru
  6993 | D        | Noticed an ancient lich
  7013 | D        | Killed an ancient lich
  7328 | D        | Noticed a spriggan berserker
  7331 | D        | Killed a spriggan berserker
  7331 | D        | Reached skill level 26 in Shields
  7342 | D        | Noticed Quishym the pandemonium lord
  7356 | D        | Killed Quishym the pandemonium lord
  7359 | D        | Noticed a blizzard demon
  7363 | D        | Killed a blizzard demon
  7363 | D        | Received a gift from Okawaru
  7373 | D        | Noticed a Hell Sentinel
  7373 | D        | Noticed Cuimnoyg the pandemonium lord
  7380 | D        | Killed Cuimnoyg the pandemonium lord
  7380 | D        | Received a gift from Okawaru
  7389 | D        | Killed a Hell Sentinel
  7389 | D        | Reached skill level 15 in Throwing
  7607 | D        | Noticed a Hell Sentinel
  7621 | D        | Killed a Hell Sentinel
  7621 | D        | Received a gift from Okawaru
  7622 | D        | Got a heavily runed crystal plate armour {god gift}
  7633 | D        | Identified the +12 crystal plate armour of Okawaru's Castigation {rF+} (Okawaru gifted it to you in the Dungeon)
  7808 | D        | Noticed Ereshkigal
  7817 | D        | Paralysed by Ereshkigal for 6 turns
  7822 | D        | Noticed a Brimstone Fiend
  7840 | D        | Killed from afar by Ereshkigal

Vault maps used:
D:        pitsprint

Action                   |  1- 3 |  4- 6 |  7- 9 | 10-12 | 13-15 | 16-18 || total
-------------------------+-------+-------+-------+-------+-------+-------++-------
Melee: Flail             |     9 |    70 |    30 |       |       |       ||   109
       Morningstar       |       |       |    76 |   385 |   318 |       ||   779
       Eveningstar       |       |       |       |       |   137 |   153 ||   290
       Demon whip        |       |       |       |       |       |    20 ||    20
Throw: Javelin           |       |       |       |    19 |    13 |       ||    32
Invok: Heroism           |       |     3 |     5 |     7 |    12 |     5 ||    32
       Finesse           |       |       |       |     5 |    11 |     5 ||    21
  Use: Potion            |       |     1 |     2 |     5 |     8 |     3 ||    19
       Scroll            |       |       |       |     2 |     1 |       ||     3
  Eat: Bread ration      |       |       |     1 |     1 |     2 |     1 ||     5
       Chunk             |       |       |     1 |     1 |     5 |     4 ||    11
